 Dungeon Crawl Stone Soup version 0.20-a0-256-gabb291d (webtiles) character file.

1834 Coron the Covered (level 8, -4/74 HPs)
             Began as a Deep Dwarf Wanderer on Dec 2, 2016.
             Was a Priest of Lugonu.
             Slain by Pikel
             ... wielding a +2 whip of electrocution
              (15 damage)
             ... on level 4 of the Dungeon.
             The game lasted 00:39:45 (5865 turns).

Coron the Covered (Deep Dwarf Wanderer)             Turns: 5865, Time: 00:39:45

Health: -4/74      AC: 10    Str: 14    XL:     8   Next: 87%
Magic:  5/5        EV:  6    Int: 16    God:    Lugonu [***...]
Gold:   263        SH:  0    Dex: 13    Spells: 9/9 levels left

rFire  . . .     SeeInvis .     G - +0 war axe
rCold  . . .     Gourm    .     D - +0 chain mail
rNeg   . . .     Faith    .     (no shield)
rPois  +         Spirit   .     (no helmet)
rElec  .         Reflect  .     (no cloak)
rCorr  .         Harm     .     (no gloves)
MR     +....                    (no boots)
Stlth  ..........               (no amulet)
                                (no ring)
                                (no ring)

@: non-regenerating
A: damage resistance, recharge devices, high mp 1, sense surroundings 1, poison
resistance, slow regeneration 3, subdued magic 1
a: Device Recharging, Depart the Abyss, Bend Space, Banish, Renounce Religion


You were on level 4 of the Dungeon.
You worshipped Lugonu.
Lugonu was most pleased with you.
You were hungry.

You visited 2 branches of the dungeon, and saw 7 of its levels.

You collected 263 gold pieces.

Inventory:

Hand Weapons
 a - a +2 shortbow
 j - a +0 hand axe
 G - a +0 war axe (weapon)
Missiles
 b - 93 arrows
Armour
 o - a +0 leather armour
 r - a +0 ring mail
 D - a +0 chain mail (worn)
Jewellery
 k - an uncursed ring of fire
 t - a +6 amulet of reflection {unknown}
Wands
 f - a wand of heal wounds (3/9)
 x - a wand of lightning (0/15)
Scrolls
 c - 3 scrolls of remove curse
 l - a scroll of blinking {unknown}
 p - a scroll of identify {unknown}
 u - a scroll of enchant weapon {unknown}
 w - a scroll of recharging {unknown}
 y - a scroll of magic mapping {unknown}
 z - a scroll of enchant armour {unknown}
 I - 2 scrolls of teleportation {unknown}
Potions
 e - a potion of heal wounds {unknown}
 h - a potion of haste
 i - 2 potions of cancellation {unknown}
 n - a potion of brilliance {unknown}
 q - 2 potions of curing
 s - a potion of agility {unknown}
 C - a potion of resistance {unknown}
 E - 2 potions of flight {unknown}
 H - a potion of magic {unknown}
Books
 d - the Compendium of Translocation

   Spells                             Type                      Level
   a - Apportation                    Translocation                1
   b - Gell's Gravitas                Hexes/Translocation          3
 B - a Young Poisoner's Handbook

   Spells                             Type                      Level
   a - Sting                          Conjuration/Poison           1
   b - Mephitic Cloud                 Conjuration/Poison/Air       3
   c - Olgreb's Toxic Radiance        Poison                       4
   d - Alistair's Intoxication        Transmutation/Poison         5
   e - Venom Bolt                     Conjuration/Poison           5
Comestibles
 g - 8 bread rations
 m - a meat ration
 v - 2 beef jerkies
 A - 5 fruits


   Skills:
 - Level 5.0 Fighting
 - Level 5.0 Axes
 - Level 1.3 Bows
 + Level 7.9 Armour
 - Level 1.2 Stealth
   Level 1.1 Shields
 - Level 1.0 Spellcasting
   Level 1.0 Hexes
   Level 3.2 Translocations
 - Level 6.3 Invocations


You had 9 spell levels left.
You didn't know any spells.

Dungeon Overview and Level Annotations

Branches:
Dungeon (6/15)             Temple (1/1) D:6

Altars:
Ashenzari
Cheibriados
Dithmenos
Elyvilon
Fedhas
Hepliaklqana
Kikubaaqudgha
Makhleb
Nemelex Xobeh
Okawaru
Qazlal
Ru
Sif Muna
Trog
Uskayaw
Vehumet
Xom
Yredelemnul
Zin
The Shining One
Lugonu

Annotations:
D:4 Pikel; SirKenneth's ghost, amateur DrFE


Innate Abilities, Weirdness & Mutations

You are resistant to damage.
You can recharge devices by infusing magical energy.
You passively map a small area around you.
You do not regenerate.
You have an increased reservoir of magic. (+10% MP)
Your system is resistant to poisons. (rPois)
Your spells are a little easier to cast, but a little less powerful.


Message History

You closely miss Pikel.
Pikel is severely wounded.
Pikel hits you but does no damage. Pikel barely misses you.
You slash Pikel!
Pikel is almost dead.
Pikel hits you but does no damage.
You closely miss Pikel.
Pikel is almost dead.
Pikel closely misses you.
You hit Pikel but do no damage.
Pikel is almost dead.
Pikel hits you with a whip of electrocution.
You are electrocuted!
* * * LOW HITPOINT WARNING * * *
Your chain mail prevents you from hitting Pikel.
Pikel is almost dead.
Pikel hits you with a whip of electrocution.
* * * LOW HITPOINT WARNING * * *
You are electrocuted!
You die...

## ##.###.#.# #># .##
##..#.....# #W#
..###...#.###.# #S#
##.#......# #.# #.#,
###)#.#.#(###p# #.#,*
###......(p...# #.#
........#.....# #.#
..####..#....p#####.#,
............#ppK@...#
..##....#############
.###.#..# ** ####.#..#
* ,, , ........# , *
.###.#.##
.###.#.########
............... *
.......########*


You could see Pikel and 3 slaves.

Vanquished Creatures
  Grinder (D:5)
  A hippogriff (D:6)
  2 sky beasts (D:6)
  2 ice beasts
  A necrophage (D:6)
  2 ogres
  A centaur (D:6)
  A bullfrog (D:3)
  A vampire bat (D:3)
  A bullfrog zombie (D:5)
  A jelly (D:5)
  2 hounds (D:4)
  4 orc wizards
  Natasha (twice) (D:5)
  2 worker ants
  A howler monkey zombie (D:5)
  A howler monkey skeleton (D:6)
  5 adders
  An ooze (D:3)
  4 dart slugs
  3 fire bats (D:3)
  4 worms
  3 leopard geckos
  16 orcs
  2 spectral bats (D:3)
  A ball python (D:5)
  17 bats
  3 bat skeletons (D:3)
  A bat zombie (D:3)
  5 giant cockroaches
  5 goblins
  13 hobgoblins
  24 jackals
  6 quokkas
  A bat simulacrum (D:3)
  4 frilled lizards
  A jackal zombie (D:5)
  8 kobolds
  6 rats
159 creatures vanquished.

Vanquished Creatures (others)
  A phantom (D:6)
1 creature vanquished.

Grand Total: 160 creatures vanquished

Notes
Turn   | Place    | Note
-------+----------+-------------------------------------------
     0 | D:1      | Coron the Deep Dwarf Wanderer began the quest for the Orb.
     0 | D:1      | Coron set off with: a +2 shortbow, 27 arrows, a +0 mace, the Compendium of Translocation, a +0 robe, a wand of heal wounds (5/9), a bread ration
     0 | D:1      | Reached XP level 1. HP: 15/15 MP: 2/2
    82 | D:1      | Reached skill level 1 in Fighting
   130 | D:1      | Reached XP level 2. HP: 17/25 MP: 3/3
   373 | D:1      | Identified the Compendium of Translocation
   558 | D:1      | Reached XP level 3. HP: 22/33 MP: 4/4
  1093 | D:2      | Reached skill level 1 in Axes
  1149 | D:2      | Reached XP level 4. HP: 42/42 MP: 5/5
  1936 | D:3      | Reached skill level 2 in Armour
  1979 | D:3      | Noticed a bullfrog
  1992 | D:3      | Killed a bullfrog
  1992 | D:3      | Reached skill level 3 in Armour
  1992 | D:3      | Reached XP level 5. HP: 24/49 MP: 6/6
  2134 | D:3      | Reached skill level 4 in Armour
  2208 | D:3      | Reached XP level 6. HP: 52/56 MP: 7/7
  2236 | D:3      | Reached skill level 5 in Armour
  2383 | D:3      | Found a faded altar of an unknown god.
  2412 | D:3      | Became a worshipper of Lugonu the Unformed
  2412 | D:3      | Reached * piety under Lugonu
  2412 | D:3      | Reached ** piety under Lugonu
  2927 | D:4      | Noticed SirKenneth's ghost (amateur DrFE)
  3341 | D:4      | Noticed Pikel
  3341 | D:4      | Noticed a slave
  3341 | D:4      | Noticed a slave
  3349 | D:4      | Noticed a slave
  3428 | D:4      | Noticed Natasha
  3468 | D:5      | Entered Level 5 of the Dungeon
  3624 | D:5      | Noticed an ice beast
  3656 | D:5      | Killed an ice beast
  3656 | D:5      | Reached XP level 7. HP: 19/62 MP: 7/7
  3700 | D:5      | Reached skill level 5 in Axes
  3786 | D:5      | Reached *** piety under Lugonu
  4044 | D:5      | Noticed Grinder
  4052 | D:5      | Paralysed by Grinder for 4 turns
  4083 | D:5      | Paralysed by Grinder for 4 turns
  4099 | D:5      | Killed Grinder
  4101 | D:5      | Reached skill level 5 in Fighting
  4581 | D:6      | HP: 3/67 [sky beast (4)]
  4621 | D:6      | Reached XP level 8. HP: 44/74 MP: 4/6
  4626 | D:6      | Gained mutation: You have an increased reservoir of magic. (+10% MP) [mutagenic meat]
  4627 | D:6      | Gained mutation: Your spells are a little easier to cast, but a little less powerful. [mutagenic meat]
  4628 | D:6      | Gained mutation: Your system is resistant to poisons. (rPois) [mutagenic meat]
  4671 | D:6      | Found a staircase to the Ecumenical Temple.
  4680 | Temple   | Entered the Ecumenical Temple
  4852 | D:6      | Reached skill level 5 in Invocations
  5146 | D:6      | Reached skill level 6 in Armour
  5279 | D:6      | Noticed a hippogriff
  5293 | D:6      | Killed a hippogriff
  5293 | D:6      | Reached skill level 7 in Armour
  5613 | D:5      | Killed Natasha
  5627 | D:5      | Noticed Natasha
  5634 | D:5      | Killed Natasha
  5865 | D:4      | Slain by Pikel

Vault maps used:
D:1:      zaba_arrival_water, minmay_pentomino_x4
D:3:      first_bread, chequers_ecumenical_altar_simple_redux,
          hangedman_abyss_or_decor_stabs, goddamned_bats
D:4:      uniq_pikel, uniq_natasha
D:5:      uniq_grinder
Temple:   regret_index_temple_chain_breaker

Skill      XL: |  1  2  3  4  5  6  7  8 |
---------------+-------------------------+-----
Fighting       | 1 2 3 5 |  5.0
Axes           | 1 2 4 5 |  5.0
Armour         | 3 4 5 7 |  7.9
Invocations    | 4 6 |  6.3
Bows           | |  1.3
Stealth        | |  1.2
Shields        | |  1.1
Spellcasting   | |  1.0
Hexes          | |  1.0
Translocations | |  3.2

Action                   |  1- 3 |  4- 6 |  7- 9 || total
-------------------------+-------+-------+-------++-------
Melee: Hand axe          |    31 |   387 |   246 ||   664
       War axe           |       |       |    68 ||    68
 Fire: Shortbow          |   114 |    93 |    71 ||   278
Invok: Banish            |       |       |     1 ||     1
 Abil: Device Recharging |       |     1 |     7 ||     8
Evoke: Wand              |     1 |     6 |    23 ||    30
  Use: Scroll            |     1 |     1 |     2 ||     4
       Potion            |       |       |     3 ||     3
 Stab: Sleeping          |       |     1 |       ||     1
  Eat: Chunk             |     1 |     9 |     5 ||    15
       Meat ration       |       |       |     1 ||     1
Armor: Robe              |    17 |       |       ||    17
       Leather armour    |    12 |       |       ||    12
       Ring mail         |       |   329 |    94 ||   423
       Chain mail        |       |       |    81 ||    81
Dodge: Dodged            |    55 |   360 |   140 ||   555
